 Dungeon Crawl Stone Soup version 0.19.5 (webtiles) character file.

404 Jimbable the Chopper (level 6, -1/56 HPs)
             Began as a Minotaur Fighter on Apr 26, 2017.
             Killed from afar by Duvessa (10 damage)
             ... with a wand of flame
             ... on level 4 of the Dungeon.
             The game lasted 00:11:02 (2768 turns).

Jimbable the Chopper (Minotaur Fighter)             Turns: 2768, Time: 00:11:03

Health: -1/56      AC:  9    Str: 22    XL:     6   Next: 56%
Magic:  5/5        EV: 10    Int:  5    God:
Gold:   223        SH:  0    Dex: 14    Spells: 0 memorised, 5 levels left

rFire  . . .     SeeInvis .     q - +4 quarterstaff (chaos)
rCold  . . .     Gourm    .     b - +0 scale mail
rNeg   . . .     Faith    .     (shield currently unavailable)
rPois  .         Spirit   .     (helmet restricted)
rElec  .         Reflect  .     r - +0 cloak
rCorr  .         Harm     .     k - +0 pair of gloves
MR     .....                    (no boots)
Stlth  ..........               (no amulet)
                                (no ring)
                                h - +4 ring of dexterity

@: no status effects
A: retaliatory headbutt, horns 2
a: no special abilities


You were on level 4 of the Dungeon.
You were hungry.

You visited 1 branch of the dungeon, and saw 4 of its levels.

You collected 223 gold pieces.

Inventory:

Hand Weapons
 a - a +0 war axe
 j - a +2 dagger of electrocution
 q - a +4 quarterstaff of chaos (weapon)
Missiles
 p - 7 javelins (quivered)
Armour
 b - a +0 scale mail (worn)
 c - a +0 shield
 k - a +0 pair of gloves (worn)
 r - a +0 cloak (worn)
Jewellery
 h - a +4 ring of dexterity (left hand)
Scrolls
 e - 4 scrolls of identify {unknown}
 i - 2 scrolls of immolation {unknown}
 l - 2 scrolls of teleportation {unknown}
 m - a scroll of amnesia {unknown}
 n - 3 scrolls of remove curse {unknown}
 o - a scroll of recharging {unknown}
 u - 2 scrolls of enchant weapon {unknown}
 y - a scroll of fear {unknown}
Potions
 d - a potion of might
 g - 2 potions of cancellation {unknown}
 s - 2 potions of curing {unknown}
 v - a potion of lignification {unknown}
 w - a potion of invisibility {unknown}
 x - 2 potions of flight {unknown}
Comestibles
 f - a bread ration
 t - a fruit
 z - a royal jelly


   Skills:
 * Level 5.0 Fighting
 * Level 5.5 Axes
 + Level 5.2 Armour
 - Level 1.0 Dodging
 + Level 5.0 Shields


You had 5 spell levels left.
You didn't know any spells.

Dungeon Overview and Level Annotations

Branches:
Dungeon (4/15)
 Temple: D:4-7

Altars:
Fedhas
Gozag
Hepliaklqana
Makhleb
Qazlal
Trog
Uskayaw
Xom
Yredelemnul

Annotations:
D:4 Dowan, Duvessa


Innate Abilities, Weirdness & Mutations

You reflexively headbutt those who attack you in melee.
You have a pair of horns on your head.


Message History

Duvessa hits you with a short sword!
There is a shaft here.
Duvessa zaps a wand.
The puff of flame hits you!
The jackal falls through a shaft!
The shaft crumbles and collapses.
Duvessa zaps a wand.
The puff of flame hits you! Duvessa closely misses you.
Duvessa zaps a wand.
The puff of flame misses you.
Duvessa says, "My weaknesses are his strengths!"
Duvessa zaps a wand.
The puff of flame hits you!
* * * LOW HITPOINT WARNING * * *
Okay, then.
Duvessa hits you with a short sword.
* * * LOW HITPOINT WARNING * * *
Duvessa closely misses you. Duvessa hits you with a short sword.
* * * LOW HITPOINT WARNING * * *
Duvessa zaps a wand.
The puff of flame hits you!
* * * LOW HITPOINT WARNING * * *
Duvessa zaps a wand.
The puff of flame hits you!
You die...

#.........# #....
#.........###....
#................
#................
#................
#............†...
#................
########.#####.....####
#...e.@..# #.....#
##.####### #.....# #.#
####### #.# #e# #.# #o#
#.# #h#


You could see Duvessa.

Vanquished Creatures
  The ghost of maxonian the Firebug, an amateur FoFE (D:3)
  A hound (D:3)
  Crazy Yiuf (D:2)
  Jessica (D:2)
  Terence (D:2)
  A worker ant (D:4)
  5 adders
  An ooze (D:1)
  2 worms (D:3)
  2 dart slugs
  6 leopard geckos
  An orc (D:3)
  8 bats
  7 giant cockroaches
  7 goblins
  5 hobgoblins
  3 jackals (D:1)
  12 kobolds
  2 quokkas
  3 ball pythons
  15 frilled lizards
  11 rats
96 creatures vanquished.

Notes
Turn   | Place    | Note
-------+----------+-------------------------------------------
     0 | D:1      | Jimbable the Minotaur Fighter began the quest for the Orb.
     0 | D:1      | Reached XP level 1. HP: 19/19 MP: 0/0
    43 | D:1      | Reached XP level 2. HP: 15/27 MP: 1/1
   649 | D:1      | Reached XP level 3. HP: 27/33 MP: 2/2
  1096 | D:2      | Noticed Terence
  1109 | D:2      | Killed Terence
  1109 | D:2      | Reached skill level 1 in Dodging
  1109 | D:2      | Reached XP level 4. HP: 33/40 MP: 3/3
  1299 | D:2      | Found a hazy altar of Hepliaklqana.
  1331 | D:2      | Found a bloodstained altar of Trog.
  1331 | D:2      | Found an opulent altar of Gozag.
  1331 | D:2      | Found a blossoming altar of Fedhas.
  1501 | D:2      | Found a runed door.
  1528 | D:2      | Noticed Jessica
  1539 | D:2      | Killed Jessica
  1835 | D:2      | Found a faded altar of an unknown god.
  1835 | D:2      | Found a faded altar of an unknown god.
  1844 | D:2      | Found a shimmering altar of Xom.
  1860 | D:2      | Found a burning altar of Makhleb.
  1862 | D:2      | Found a faded altar of an unknown god.
  1929 | D:2      | Noticed Crazy Yiuf
  1933 | D:2      | Killed Crazy Yiuf
  1933 | D:2      | Reached XP level 5. HP: 37/46 MP: 4/4
  2079 | D:3      | Noticed maxonian's ghost (amateur FoFE)
  2085 | D:3      | Found a hide-covered altar of Uskayaw.
  2093 | D:3      | Killed maxonian's ghost
  2093 | D:3      | Reached skill level 5 in Axes
  2093 | D:3      | Reached skill level 5 in Armour
  2093 | D:3      | Reached XP level 6. HP: 28/55 MP: 5/5
  2268 | D:3      | Reached skill level 5 in Shields
  2304 | D:3      | Found a stormy altar of Qazlal.
  2309 | D:3      | Found a basalt altar of Yredelemnul.
  2454 | D:3      | Found a faded altar of an unknown god.
  2663 | D:4      | Reached skill level 5 in Fighting
  2735 | D:4      | Noticed Duvessa
  2737 | D:4      | Noticed Dowan
  2768 | D:4      | Killed from afar by Duvessa

Skill      XL: |  1  2  3  4  5  6 |
---------------+-------------------+-----
Armour         | 4 5 |  5.2
Shields        | 4 5 |  5.0
Axes           | 3 4 5 |  5.5
Fighting       | 4 5 |  5.0
Dodging        | 1 |  1.0

Action                   |  1- 3 |  4- 6 || total
-------------------------+-------+-------++-------
Melee: War axe           |    86 |    45 ||   131
       Headbutt          |    22 |    11 ||    33
       Quarterstaff      |       |    52 ||    52
Throw: Javelin           |       |     3 ||     3
 Stab: Paralysed         |       |     1 ||     1
  Eat: Bread ration      |       |     1 ||     1
       Fruit             |       |     1 ||     1
Armor: Scale mail        |    48 |    42 ||    90
Dodge: Dodged            |    32 |    67 ||    99
Block: Shield            |    73 |    30 ||   103
